 Dungeon Crawl Stone Soup version 0.21.0 (webtiles) character file.

191 Drusha21 the Magician (level 5, -14/28 HPs)
             Began as a Deep Elf Wizard on Mar 2, 2018.
             Demolished by an ogre
             ... wielding a +0 giant club
              (24 damage)
             ... on level 4 of the Dungeon on Mar 5, 2018.
             The game lasted 00:18:43 (3937 turns).

Drusha21 the Magician (Deep Elf Wizard)             Turns: 3937, Time: 00:18:43

Health: -14/28     AC:  6    Str:  4    XL:     5   Next: 41%
Magic:  4/16       EV: 13    Int: 24    God:
Gold:   210        SH:  0    Dex: 13    Spells: 11/17 levels left

rFire    . . .     SeeInvis .   g - +0 dagger (holy)
rCold    . . .     Gourm    .   (no shield)
rNeg     . . .     Faith    .   a - +0 robe
rPois    .         Spirit   .   b - +1 hat
rElec    .         Reflect  .   w - +1 cloak
rCorr    .         Harm     .   o - +0 pair of gloves
MR       .....                  (no boots)
Stlth    ++........             (no amulet)
HPRegen  0.09/turn              (no ring)
MPRegen  0.15/turn              (no ring)

@: very slightly contaminated
A: no striking features
a: no special abilities


You were on level 4 of the Dungeon.
You were not hungry.

You visited 1 branch of the dungeon, and saw 4 of its levels.

You collected 210 gold pieces.

Inventory:

Hand Weapons
 f - a +0 dagger
 g - a +0 dagger of holy wrath (weapon)
Armour
 a - a +0 robe (worn)
 b - a +1 hat (worn)
 n - a +0 buckler
 o - a +0 pair of gloves (worn)
 w - a +1 cloak (worn)
Jewellery
 k - a +5 ring of strength
 q - an uncursed ring of protection from cold {unknown}
 x - a +1 ring of evasion {unknown}
Wands
 v - a wand of enslavement (4)
Scrolls
 h - 4 scrolls of identify
 l - a scroll of noise {unknown}
 r - 2 scrolls of remove curse
 s - a scroll of amnesia {unknown}
 y - a scroll of teleportation {unknown}
 B - a scroll of fear {unknown}
Potions
 e - 2 potions of invisibility
 i - a potion of cancellation {unknown}
 m - 3 potions of haste {unknown}
 p - a potion of might {unknown}
 t - a potion of magic {unknown}
 u - a potion of lignification
 z - a potion of brilliance {unknown}
 A - a potion of heal wounds {unknown}
 C - a potion of curing {unknown}
Books
 c - a book of Minor Magic

   Spells                             Type                      Level
   a - Magic Dart                     Conjuration                  1
   b - Blink                          Translocation                2
   c - Call Imp                       Summoning                    2
   d - Slow                           Hexes                        2
   e - Conjure Flame                  Conjuration/Fire             3
   f - Mephitic Cloud                 Conjuration/Poison/Air       3
 j - a book of Necromancy

   Spells                             Type                      Level
   a - Pain                           Necromancy                   1
   b - Animate Skeleton               Necromancy                   1
   c - Vampiric Draining              Necromancy                   3
   d - Regeneration                   Charms/Necromancy            3
   e - Animate Dead                   Necromancy                   4
   f - Borgnjor's Vile Clutch         Necromancy/Earth             5
Comestibles
 d - 10 rations


   Skills:
 + Level 0.9 Fighting
 + Level 0.2 Short Blades
 + Level 3.2 Dodging
 + Level 3.0 Stealth
 + Level 6.7 Spellcasting
 + Level 2.6 Conjurations
 + Level 0.3 Charms
   Level 1.1 Summonings
 + Level 0.2 Necromancy
 + Level 1.2 Translocations


You had 11 spell levels left.
You knew the following spells:

 Your Spells              Type           Power        Failure   Level  Hunger
a - Magic Dart            Conj           ###.         2%          1    None
b - Blink                 Tloc           N/A          7%          2    None
c - Regeneration          Chrm/Necr      #.........   21%         3    None


Dungeon Overview and Level Annotations

Branches:
Dungeon (4/15)
 Temple: D:4-7

Altars:
Cheibriados
Gozag
Trog
The Shining One


Message History

The magic dart hits the ogre.
The ogre is severely wounded.
Casting: Magic Dart
Confirm with . or Enter, or press ? or * to list all spells.
Aiming: Magic Dart
Press: ? - help, Shift-Dir - straight line, f/p - ogre
Aim: an ogre, wielding a giant club (severely wounded)
The magic dart hits the ogre.
The ogre is severely wounded.
The ogre hits you with a giant club!
Casting: Magic Dart
Confirm with . or Enter, or press ? or * to list all spells.
Aiming: Magic Dart
Press: ? - help, Shift-Dir - straight line, f/p - ogre
Aim: an ogre, wielding a giant club (severely wounded)
The magic dart hits the ogre.
The ogre is severely wounded.
The ogre hits you with a giant club!!
Ouch! That really hurt!
You die...

### #@# #O# #.#
#.# #[# #.# #.#
#.#
################.#


You could see an ogre.

Vanquished Creatures
  Blork the orc (D:4)
  A worker ant (D:4)
  A hound skeleton (D:4)
  2 adders (D:3)
  2 worms
  2 dart slugs
  An orc (D:3)
  3 giant cockroaches
  9 goblins
  8 hobgoblins
  3 jackals (D:1)
  6 bats
  9 kobolds
  4 rats
52 creatures vanquished.

Notes
Turn   | Place    | Note
-------+----------+-------------------------------------------
     0 | D:1      | Drusha21 the Deep Elf Wizard began the quest for the Orb.
     0 | D:1      | Reached XP level 1. HP: 10/10 MP: 7/7
   407 | D:1      | Reached skill level 5 in Spellcasting
   407 | D:1      | Reached XP level 2. HP: 13/15 MP: 3/10
  1148 | D:1      | Reached XP level 3. HP: 13/19 MP: 7/12
  1152 | D:1      | Learned a level 2 spell: Blink
  1322 | D:1      | Found a glowing golden altar of the Shining One.
  2323 | D:3      | Found a bloodstained altar of Trog.
  2424 | D:3      | Reached XP level 4. HP: 24/24 MP: 2/13
  2535 | D:3      | Found a snail-covered altar of Cheibriados.
  2536 | D:3      | Found an opulent altar of Gozag.
  3117 | D:3      | Learned a level 3 spell: Regeneration
  3189 | D:4      | Noticed Blork the orc
  3241 | D:3      | Reached skill level 6 in Spellcasting
  3419 | D:4      | Killed Blork the orc
  3419 | D:4      | Reached XP level 5. HP: 25/28 MP: 9/16
  3780 | D:4      | Noticed an ogre
  3937 | D:4      | Demolished by an ogre

Skill      XL: |  1  2  3  4  5 |
---------------+----------------+-----
Spellcasting   | 5 6 |  6.7
Dodging        | 3 |  3.2
Conjurations   | 2 |  2.6
Stealth        | 3 |  3.0
Fighting       | |  0.9
Short Blades   | |  0.2
Charms         | |  0.3
Summonings     | |  1.1
Necromancy     | |  0.2
Translocations | |  1.2

Action                   |  1- 3 |  4- 6 || total
-------------------------+-------+-------++-------
Melee: Unarmed           |     4 |       ||     4
       Dagger            |    18 |    14 ||    32
 Cast: Magic Dart        |   121 |    63 ||   184
       Blink             |     1 |    11 ||    12
       Regeneration      |       |     3 ||     3
  Use: Scroll            |     3 |       ||     3
       Potion            |       |     1 ||     1
 Stab: Sleeping          |     1 |       ||     1
  Eat: Chunk             |     1 |     3 ||     4
       Ration            |     1 |     1 ||     2
Armor: Robe              |    15 |    18 ||    33
Dodge: Dodged            |    37 |    40 ||    77
